General information
- name: BNet
- type: Ladder team game (AT/RT)
- host: Battle.net
- saver: PAINT-DRP.
map: Battleground
- players: 8
- length: 43:27
- speed: Fast
- version: 1.26 W3XP
- replay type: Public
» download(296 KB)
Players
team 1 (winner)

»
the_Retarded (
pink | 116 APM | 2311 actions | 19:58)
4 Mountain King
2 Storm Bolt
2 Bash
3 Paladin
2 Holy Light
1 Divine Shield
» actions
| Assign group hotkey | 190 | |
| Basic commands | 90 | |
| Build / train | 99 | |
| Enter build submenu | 24 | |
| Enter hero's abilities submenu | 7 | |
| Remove unit from queue | 6 | |
| Right click | 688 | |
| Select / deselect | 303 | |
| Select group hotkey | 763 | |
| Use ability | 141 | |
2311 total
» units
| Peasant | 21 | |
| Rifleman | 15 | |
| Mortar Team | 8 | |
44 total
» upgrades
| Gunpowder | 2 | |
| Masonry | 1 | |
| Long Rifles | 1 | |
| Armor | 1 | |
| Flare | 1 | |
6 total
» buildings
| Altar of Kings | 1 | |
| Farm | 7 | |
| Scout Tower | 4 | |
| Blacksmith | 1 | |
| Barracks | 1 | |
| Arcane Tower | 5 | |
| Lumber Mill | 1 | |
| Arcane Vault | 1 | |
| Keep | 4 | |
| Guard Tower | 5 | |
| Workshop | 2 | |
| Castle | 0 | |
32 total
» build order
00:08 Altar of Kings
00:36 Farm
01:15 Farm
01:21 Scout Tower
01:41 Blacksmith
01:53 Barracks
02:09 Arcane Tower
02:09 Arcane Tower
02:09 Arcane Tower
02:10 Arcane Tower
02:20 Farm
03:22 Scout Tower
04:15 Lumber Mill
04:18 Arcane Tower
04:42 Arcane Vault
04:54 Farm
04:56 Keep
04:56 Keep
04:56 Keep
05:18 Guard Tower
05:18 Guard Tower
05:18 Guard Tower
06:11 Farm
08:16 Workshop
08:19 Workshop
08:24 Scout Tower
08:59 Arcane Tower
09:02 Guard Tower
09:03 Guard Tower
10:37 Farm
11:01 Farm
12:56 Castle
17:48 Castle
17:58 Scout Tower
» items
| Scroll of Regeneration | 2 | |
| Lesser Clarity Potion | 9 | |
| Ivory Tower | 1 | |
| Healing Salve | 1 | |
13 total

»
wakatiki (
green | 88 APM | 3811 actions | 43:26)
5 Blademaster
2 Wind Walk
3 Critical Strike
5 Tauren Chieftain
3 Endurance Aura
1 Shockwave
1 War Stomp
3 Far Seer
2 Chain Lighting
1 Feral Spirit
1 Mountain King
1 Storm Bolt
» actions
| Assign group hotkey | 19 | |
| Basic commands | 263 | |
| Build / train | 110 | |
| ESC pressed | 25 | |
| Enter build submenu | 39 | |
| Enter hero's abilities submenu | 15 | |
| Give item / drop item | 7 | |
| Right click | 1484 | |
| Select / deselect | 797 | |
| Select group hotkey | 892 | |
| Use ability | 160 | |
3811 total
» units
| Peon | 37 | |
| Grunt | 10 | |
| Knight | 2 | |
| Mortar Team | 2 | |
| Kodo Beast | 1 | |
| Troll Batrider | 2 | |
| Demolisher | 4 | |
58 total
» upgrades
| Armor | 3 | |
| Spiked Barricades | 3 | |
| Berserker Strength | 1 | |
| Melee Weapons | 2 | |
| Lumber Harvesting | 1 | |
| Liquid Fire | 1 | |
| Reinforced Defenses | 1 | |
| Ranged Weapons | 2 | |
| Burning Oil | 1 | |
15 total
» buildings
| Altar of Storms | 1 | |
| Orc Burrow | 7 | |
| Barracks | 2 | |
| War Mill | 1 | |
| Stronghold | 2 | |
| Watch Tower | 13 | |
| Voodoo Lounge | 1 | |
| Fortress | 1 | |
| Great Hall | 5 | |
| Beastiary | 2 | |
35 total
» build order
00:10 Altar of Storms
00:13 Orc Burrow
00:44 Barracks
01:33 Orc Burrow
02:27 War Mill
03:32 Stronghold
03:33 Stronghold
03:42 Watch Tower
04:47 Voodoo Lounge
04:52 Watch Tower
06:01 Orc Burrow
08:22 Orc Burrow
10:28 Fortress
16:36 Great Hall
21:05 Great Hall
22:29 Beastiary
22:30 Beastiary
25:39 Great Hall
28:48 Orc Burrow
28:59 Watch Tower
29:30 Watch Tower
30:39 Watch Tower
30:56 Orc Burrow
31:03 Watch Tower
32:40 Great Hall
34:15 Orc Burrow
35:01 Barracks
35:35 Watch Tower
37:20 Watch Tower
37:26 Watch Tower
37:28 Watch Tower
38:54 Watch Tower
39:00 Watch Tower
39:19 Watch Tower
41:22 Great Hall
» items
| Periapt of Vitality | 1 | |
| Circlet of Nobility | 1 | |
| Scroll of Healing | 1 | |
| Scroll of Regeneration | 1 | |
| Scroll of Town Portal | 2 | |
| Orb of Lightning | 3 | |
| Healing Salve | 2 | |
| Potion of Mana | 1 | |
| Potion of Healing | 2 | |
14 total
TheFeared (
orange | 34 APM | 1467 actions | 43:26)
5 Demon Hunter
2 Immolation
3 Mana Burn
4 Keeper of the Grove
2 Entangling Roots
2 Thorns Aura
» actions
| Basic commands | 12 | |
| Build / train | 97 | |
| Enter build submenu | 26 | |
| Enter hero's abilities submenu | 9 | |
| Remove unit from queue | 2 | |
| Right click | 611 | |
| Select / deselect | 616 | |
| Use ability | 94 | |
1467 total
» units
| Wisp | 17 | |
| Archer | 4 | |
| Huntress | 3 | |
| Dryad | 5 | |
| Druid of the Claw | 4 | |
| Hippogryph | 3 | |
| Mortar Team | 13 | |
| Chimaera | 9 | |
| Siege Engine | 2 | |
60 total
» upgrades
| Moon Armor | 1 | |
| Strength of the Moon | 1 | |
| Strength of the Wild | 3 | |
| Abolish Magic | 1 | |
| Reinforced Hides | 3 | |
| Druid of the Claw Training | 2 | |
| Mark of the Claw | 1 | |
| Well Spring | 1 | |
| Ultravision | 1 | |
| Fragmentation Shards | 1 | |
| Animal War Training | 1 | |
| Corrosive Breath | 1 | |
| Nature's Blessing | 1 | |
| Gunpowder | 1 | |
| Hardened Skin | 1 | |
| Resistant Skin | 1 | |
21 total
» buildings
| Moon Well | 6 | |
| Altar of Elders | 1 | |
| Ancient of War | 1 | |
| Hunter's Hall | 1 | |
| Tree of Ages | 1 | |
| Ancient of Lore | 2 | |
| Ancient of Wonders | 1 | |
| Tree of Eternity | 1 | |
| Ancient of Wind | 1 | |
| Ancient Protector | 5 | |
| Chimaera Roost | 3 | |
| Workshop | 1 | |
| Guard Tower | 1 | |
| Tree of Life | 1 | |
| Farm | 3 | |
29 total
» build order
00:13 Moon Well
00:22 Altar of Elders
01:02 Moon Well
01:36 Ancient of War
02:00 Moon Well
02:15 Hunter's Hall
03:12 Tree of Ages
05:01 Moon Well
05:57 Ancient of Lore
06:01 Ancient of Lore
08:37 Moon Well
08:58 Ancient of Wonders
10:13 Tree of Eternity
12:47 Moon Well
13:31 Ancient of Wind
14:06 Ancient Protector
20:14 Chimaera Roost
20:15 Chimaera Roost
20:18 Chimaera Roost
20:47 Workshop
21:20 Guard Tower
23:28 Tree of Life
26:41 Ancient Protector
26:42 Ancient Protector
28:03 Farm
28:05 Farm
28:07 Farm
29:35 Ancient Protector
29:36 Ancient Protector

»
PAINT-DRP. (
blue | 77 APM | 3356 actions | 43:27)
7 Demon Hunter
3 Mana Burn
3 Evasion
1 Metamorphosis
3 Keeper of the Grove
2 Entangling Roots
1 Thorns Aura
1 Paladin
1 Divine Shield
» actions
| Assign group hotkey | 51 | |
| Basic commands | 9 | |
| Build / train | 73 | |
| Enter build submenu | 27 | |
| Enter hero's abilities submenu | 12 | |
| Give item / drop item | 2 | |
| Remove unit from queue | 1 | |
| Right click | 1613 | |
| Select / deselect | 371 | |
| Select group hotkey | 1020 | |
| Use ability | 177 | |
3356 total
» units
» upgrades
| Ultravision | 1 | |
| Strength of the Wild | 2 | |
| Corrosive Breath | 1 | |
| Well Spring | 1 | |
| Reinforced Hides | 1 | |
6 total
» buildings
| Moon Well | 7 | |
| Altar of Elders | 1 | |
| Hunter's Hall | 1 | |
| Ancient Protector | 5 | |
| Tree of Ages | 1 | |
| Ancient of Wonders | 1 | |
| Ancient of Wind | 1 | |
| Tree of Eternity | 2 | |
| Chimaera Roost | 6 | |
| Tree of Life | 1 | |
26 total
» build order
00:12 Moon Well
00:20 Altar of Elders
01:16 Hunter's Hall
02:06 Moon Well
02:35 Ancient Protector
02:38 Ancient Protector
02:46 Ancient Protector
04:15 Moon Well
04:22 Ancient Protector
04:57 Tree of Ages
06:00 Ancient of Wonders
06:07 Ancient Protector
06:32 Moon Well
07:56 Moon Well
08:28 Ancient of Wind
08:31 Tree of Eternity
08:31 Tree of Eternity
11:05 Chimaera Roost
11:07 Chimaera Roost
11:11 Chimaera Roost
11:18 Chimaera Roost
11:36 Chimaera Roost
12:02 Chimaera Roost
14:13 Moon Well
20:49 Moon Well
31:26 Tree of Life
» items
| Boots of Speed | 1 | |
| Staff of Teleportation | 1 | |
| Dust of Appearance | 2 | |
| Healing Salve | 1 | |
| Potion of Healing | 1 | |
| Scroll of Town Portal | 4 | |
| Staff of Preservation | 2 | |
12 total
team 2 (loser)

»
DAGRENTHESLAYER (
purple | 73 APM | 3082 actions | 42:29)
4 Archmage
1 Summon Water Elemental
2 Brilliance Aura
1 Blizzard
4 Paladin
2 Holy Light
2 Divine Shield
» actions
| Assign group hotkey | 31 | |
| Basic commands | 3 | |
| Build / train | 64 | |
| Enter build submenu | 17 | |
| Enter hero's abilities submenu | 9 | |
| Give item / drop item | 6 | |
| Remove unit from queue | 2 | |
| Right click | 1731 | |
| Select / deselect | 569 | |
| Select group hotkey | 497 | |
| Use ability | 153 | |
3082 total
» units
| Peasant | 9 | |
| Footman | 12 | |
| Sorceress | 4 | |
| Spell Breaker | 5 | |
30 total
» upgrades
| Defend | 1 | |
| Sorceress Training | 1 | |
2 total
» buildings
| Altar of Kings | 2 | |
| Barracks | 1 | |
| Farm | 7 | |
| Scout Tower | 2 | |
| Arcane Tower | 1 | |
| Arcane Vault | 2 | |
| Keep | 1 | |
| Lumber Mill | 1 | |
| Arcane Sanctum | 2 | |
| Guard Tower | 1 | |
20 total
» build order
00:23 Altar of Kings
00:34 Barracks
00:43 Farm
01:13 Farm
01:52 Scout Tower
02:30 Arcane Tower
02:32 Farm
04:11 Arcane Vault
04:15 Farm
04:37 Keep
05:31 Farm
05:57 Farm
06:12 Lumber Mill
07:48 Arcane Sanctum
07:55 Arcane Sanctum
08:28 Scout Tower
09:21 Guard Tower
11:26 Farm
14:21 Arcane Vault
40:15 Altar of Kings
» items
| Scroll of Regeneration | 3 | |
| Lesser Clarity Potion | 2 | |
| Potion of Healing | 2 | |
| Scroll of Town Portal | 2 | |
| Potion of Invisibility | 1 | |
| Orb of Lightning | 2 | |
12 total

»
mmx (
red | 52 APM | 2199 actions | 42:22)
6 Mountain King
3 Storm Bolt
2 Thunder Clap
1 Avatar
5 Paladin
3 Holy Light
1 Divine Shield
1 Devotion Aura
4 Archmage
2 Brilliance Aura
2 Summon Water Elemental
» actions
| Assign group hotkey | 32 | |
| Build / train | 68 | |
| Enter build submenu | 16 | |
| Enter hero's abilities submenu | 15 | |
| Give item / drop item | 4 | |
| Remove unit from queue | 2 | |
| Right click | 1091 | |
| Select / deselect | 260 | |
| Select group hotkey | 567 | |
| Use ability | 144 | |
2199 total
» units
| Peasant | 8 | |
| Rifleman | 16 | |
| Sorceress | 6 | |
| Priest | 2 | |
32 total
» upgrades
| Armor | 2 | |
| Gunpowder | 2 | |
| Long Rifles | 1 | |
| Masonry | 1 | |
6 total
» buildings
| Altar of Kings | 1 | |
| Farm | 9 | |
| Blacksmith | 1 | |
| Barracks | 1 | |
| Scout Tower | 3 | |
| Arcane Tower | 1 | |
| Arcane Vault | 1 | |
| Lumber Mill | 1 | |
| Keep | 1 | |
| Castle | 1 | |
| Arcane Sanctum | 1 | |
21 total
» build order
00:56 Altar of Kings
01:08 Farm
01:16 Blacksmith
01:28 Barracks
01:38 Farm
01:40 Farm
02:13 Scout Tower
02:24 Farm
02:36 Farm
02:52 Arcane Tower
03:14 Arcane Vault
04:51 Lumber Mill
05:04 Keep
07:55 Castle
08:00 Farm
08:01 Farm
08:21 Arcane Sanctum
09:28 Farm
11:07 Farm
17:31 Scout Tower
17:43 Scout Tower
» items
| Boots of Speed | 1 | |
| Scroll of Regeneration | 2 | |
| Scroll of Town Portal | 2 | |
| Orb of Fire | 1 | |
| Orb of Lightning | 1 | |
7 total
ZedsDead (
teal | 44 APM | 1896 actions | 43:26)
7 Blademaster
3 Wind Walk
3 Critical Strike
1 Bladestorm
» actions
| Assign group hotkey | 2 | |
| Build / train | 81 | |
| ESC pressed | 1 | |
| Enter build submenu | 33 | |
| Enter hero's abilities submenu | 7 | |
| Give item / drop item | 7 | |
| Right click | 1153 | |
| Select / deselect | 381 | |
| Select group hotkey | 1 | |
| Use ability | 229 | |
1896 total
» units
| Peon | 23 | |
| Troll Batrider | 19 | |
| Wind Rider | 2 | |
44 total
» upgrades
| Spiked Barricades | 2 | |
| Liquid Fire | 1 | |
3 total
» buildings
| Altar of Storms | 1 | |
| Orc Burrow | 5 | |
| Voodoo Lounge | 1 | |
| War Mill | 1 | |
| Watch Tower | 19 | |
| Stronghold | 1 | |
| Fortress | 1 | |
| Beastiary | 2 | |
31 total
» build order
00:11 Altar of Storms
00:21 Orc Burrow
00:54 Voodoo Lounge
01:16 Orc Burrow
01:24 War Mill
02:05 Orc Burrow
02:39 Watch Tower
03:27 Stronghold
03:29 Watch Tower
03:35 Watch Tower
04:47 Watch Tower
04:50 Watch Tower
05:58 Watch Tower
06:00 Watch Tower
06:40 Fortress
07:24 Watch Tower
07:27 Watch Tower
08:28 Watch Tower
08:51 Beastiary
08:55 Beastiary
10:30 Orc Burrow
10:34 Orc Burrow
11:16 Watch Tower
13:19 Watch Tower
14:28 Watch Tower
15:11 Watch Tower
17:23 Watch Tower
17:27 Watch Tower
17:40 Watch Tower
20:55 Watch Tower
20:58 Watch Tower
» items
| Healing Salve | 5 | |
| Lesser Clarity Potion | 8 | |
| Boots of Speed | 1 | |
| Orb of Lightning | 1 | |
| Potion of Mana | 2 | |
| Scroll of Town Portal | 2 | |
| Potion of Healing | 3 | |
| Tiny Great Hall | 1 | |
| Dust of Appearance | 1 | |
24 total
CleanBlock (
yellow | 41 APM | 1766 actions | 43:26)
7 Blademaster
3 Wind Walk
3 Critical Strike
1 Bladestorm
» actions
| Assign group hotkey | 38 | |
| Basic commands | 3 | |
| Build / train | 77 | |
| Enter build submenu | 28 | |
| Enter hero's abilities submenu | 7 | |
| Give item / drop item | 3 | |
| Right click | 1059 | |
| Select / deselect | 191 | |
| Select group hotkey | 197 | |
| Use ability | 162 | |
1766 total
» units
| Peon | 14 | |
| Troll Batrider | 13 | |
| Forest Troll Berserker | 1 | |
28 total
» upgrades
| Spiked Barricades | 1 | |
| Reinforced Defenses | 1 | |
2 total
» buildings
| Altar of Storms | 1 | |
| Orc Burrow | 3 | |
| Voodoo Lounge | 2 | |
| War Mill | 1 | |
| Stronghold | 1 | |
| Watch Tower | 38 | |
| Fortress | 1 | |
| Beastiary | 1 | |
48 total
» build order
00:22 Altar of Storms
00:38 Orc Burrow
00:59 Voodoo Lounge
01:45 Orc Burrow
02:17 War Mill
03:55 Stronghold
04:32 Watch Tower
04:33 Watch Tower
04:34 Watch Tower
04:35 Watch Tower
05:17 Watch Tower
05:18 Watch Tower
06:23 Watch Tower
06:24 Watch Tower
07:59 Fortress
08:06 Watch Tower
08:14 Watch Tower
08:52 Beastiary
09:20 Watch Tower
09:23 Watch Tower
10:02 Orc Burrow
11:09 Watch Tower
11:12 Watch Tower
11:15 Watch Tower
11:25 Watch Tower
12:59 Watch Tower
13:05 Watch Tower
14:42 Watch Tower
14:43 Watch Tower
14:43 Watch Tower
14:44 Watch Tower
17:19 Watch Tower
17:21 Watch Tower
17:23 Watch Tower
17:25 Watch Tower
17:27 Watch Tower
17:29 Watch Tower
17:30 Watch Tower
21:02 Watch Tower
21:05 Watch Tower
23:06 Voodoo Lounge
23:36 Watch Tower
23:38 Watch Tower
23:39 Watch Tower
23:40 Watch Tower
23:41 Watch Tower
23:42 Watch Tower
23:44 Watch Tower
» items
| Healing Salve | 3 | |
| Lesser Clarity Potion | 11 | |
| Scroll of Speed | 1 | |
| Periapt of Vitality | 1 | |
| Boots of Speed | 1 | |
| Staff of Teleportation | 1 | |
| Potion of Healing | 10 | |
| Potion of Mana | 6 | |
| Orb of Lightning | 1 | |
| Scroll of Regeneration | 1 | |
| Scroll of Town Portal | 1 | |
37 total
Chat log
(00:25 / Allies) the_Retarded: rifles morter here
(00:26 / Allies) the_Retarded: hi
(00:29 / All) PAINT-DRP.: peru #1!!
(00:38 / Allies) TheFeared: archer hippo
(00:48 / All) DAGRENTHESLAYER: i tihnk u need a life
(00:56 / All) PAINT-DRP.: what u mean?
(01:16 / All) TheFeared: i have a life
(01:25 / All) wakatiki: i dont
(01:25 / All) PAINT-DRP.: ur honestly my favorite player dagren
(01:31 / All) DAGRENTHESLAYER: u stalk me every day
(01:38 / All) PAINT-DRP.: i aint stalking i just match u
(01:46 / All) DAGRENTHESLAYER: u make 34 akas
(01:49 / All) wakatiki: yaniga thats right
(01:57 / All) PAINT-DRP.: i do that cuz i leave half the time
(02:08 / All) DAGRENTHESLAYER: ok
(02:19 / All) PAINT-DRP.: i find it intriguing ur from peru and speak such good english
(02:20 / All) DAGRENTHESLAYER: have to agree peru # 1
(02:26 / All) CleanBlock: no one cares
(02:38 / All) DAGRENTHESLAYER: i leanr it from wc3
(02:57 / Allies) wakatiki: wat units u guys going
(03:56 / All) PAINT-DRP.: dumb nigga
(05:16 / All) PAINT-DRP.: does urmomisfat/urdadisfat hack?
(05:22 / All) DAGRENTHESLAYER: hes a fucken virgin hacker
(05:42 / All) PAINT-DRP.: i thought so, i tried to stab him yesterday but the enemy kept hitting my base
(06:44 / Allies) wakatiki: tp
(08:04 / Allies) the_Retarded: counter?
(08:07 / Allies) PAINT-DRP.: no
(13:09 / Allies) PAINT-DRP.: so u guy s lost ur entire armies
(13:11 / Allies) PAINT-DRP.: just like that
(14:18 / Allies) wakatiki: tp
(15:19 / Allies) PAINT-DRP.: HALL
(15:20 / Allies) PAINT-DRP.: purple
(15:47 / Allies) PAINT-DRP.: HALL
(15:55 / Allies) the_Retarded: wtf
(17:27 / Allies) the_Retarded: ty
(17:36 / Allies) the_Retarded: archer
(17:37 / Allies) the_Retarded: walking
(17:38 / Allies) the_Retarded: around
(17:38 / Allies) the_Retarded: here
(18:56 / Allies) PAINT-DRP.: jesus guys
(18:58 / Allies) PAINT-DRP.: keep ur heros alive
(19:58 / Allies) TheFeared: bms keep killing my heroes
(22:14 / Allies) PAINT-DRP.: WHAT THE FUCK
(22:17 / All) PAINT-DRP.: u are u fagots afk
(22:22 / Allies) PAINT-DRP.: just gets
(22:23 / Allies) PAINT-DRP.: bats
(23:41 / Allies) PAINT-DRP.: come
(23:43 / Allies) PAINT-DRP.: hit yellow
(23:52 / All) PAINT-DRP.: kill bats
(26:59 / Allies) PAINT-DRP.: fight
(27:40 / All) PAINT-DRP.: jesus
(27:44 / All) PAINT-DRP.: this faggot team cant keep heros alive
(27:45 / Allies) wakatiki: shit
(29:53 / Allies) PAINT-DRP.: NO NO
(30:10 / Allies) wakatiki: blue expand there
(32:30 / Allies) PAINT-DRP.: B
(32:41 / Allies) PAINT-DRP.: b
(32:42 / Allies) PAINT-DRP.: orange
(32:50 / Allies) PAINT-DRP.: ORANGE
(32:51 / Allies) PAINT-DRP.: STAY BACK
(34:39 / Allies) PAINT-DRP.: green
(34:40 / Allies) PAINT-DRP.: where ar eu
(34:41 / Allies) PAINT-DRP.: jesus
(35:31 / Allies) PAINT-DRP.: scout
(35:41 / Allies) wakatiki: 160 gold
(35:42 / Allies) wakatiki: doesn't matter
(35:44 / Allies) PAINT-DRP.: do not get tanks with pink
(37:11 / Allies) PAINT-DRP.: just let him have it
(37:13 / Allies) PAINT-DRP.: its gone
(38:01 / Allies) wakatiki: getting mass demolsihers
(38:25 / Allies) PAINT-DRP.: snipe teals bats if u can
(38:46 / All) DAGRENTHESLAYER: gg
(38:59 / All) DAGRENTHESLAYER: my 2 allies let u expand having 2 fricking blademasters
(39:04 / All) DAGRENTHESLAYER: show how noob its teal
(39:59 / Allies) wakatiki: bringing demolisher
(40:04 / Allies) PAINT-DRP.: gogo orange
(40:07 / Allies) PAINT-DRP.: backdoor teals base
(41:24 / All) ZedsDead: gg
(41:31 / All) PAINT-DRP.: cani upload this
(42:58 / All) ZedsDead: worth it
(42:59 / All) ZedsDead: gg
(42:59 / All) wakatiki: nigger